 Dungeon Crawl Stone Soup version 0.28.0-49-g6dfe1f597d (webtiles) character file.

Game seed: 3735921273878798874

613 mortz the Magician (level 7, 0/36 HPs)
             Began as a Deep Elf Conjurer on May 15, 2022.
             Shot with an arrow by a centaur (10 damage)
             ... on level 4 of the Dungeon.
             The game lasted 00:23:07 (5234 turns).

mortz the Magician (Deep Elf Conjurer)              Turns: 5234, Time: 00:23:08

Health: 0/36       AC:  4    Str:  4    XL:     7   Next: 20%
Magic:  18/19      EV: 11    Int: 25    God:
Gold:   114        SH:  0    Dex: 13    Spells: 17/20 levels left

rFire   + . .      SeeInvis .   q - +2 dagger (flame) {short}
rCold   . . .      Faith    .   (no shield)
rNeg    . . .      Spirit   .   p - +0 leather armour
rPois   .          Reflect  .   (no helmet)
rElec   .          Harm     .   (no cloak)
rCorr   .          Rampage  .   (no gloves)
Will    .....                   e - +0 pair of boots
Stlth   ++........              (no amulet)
HPRegen 0.12/turn               k - ring of protection from fire
MPRegen 0.16/turn               (no ring)

@: no status effects
A: no striking features
a: no special abilities


You were on level 4 of the Dungeon.
You visited 1 branch of the dungeon, and saw 4 of its levels.
You also visited: Sewer.

You collected 163 gold pieces.
You spent 49 gold pieces at shops.


   Skills:
 + Level 1.6 Armour
 + Level 2.5 Dodging
 + Level 3.4 Stealth
 + Level 7.1 Spellcasting
 + Level 7.1 Conjurations


You had 17 spell levels left.
You knew the following spells:

 Your Spells              Type           Power      Damage    Failure   Level
a - Magic Dart            Conj           100%       1d8       1%          1
b - Searing Ray           Conj           88%        2d7       1%          2

Your spell library contained the following spells:

 Spells                   Type           Power      Damage    Failure   Level
 Dazzling Flash           Conj/Hex       52%        N/A       8%          3
 Animate Skeleton         Necr           16%        N/A       12%         1
 Poisonous Vapours        Pois/Air       16%        N/A       17%         2
 Fulminant Prism          Conj/Hex       13%        3d9       26%         4
 Iskenderun's Mystic Bla  Conj/Tloc      26%        2d7       26%         4
 Freezing Cloud           Conj/Ice/Air   10%        6-21      77%         5
 Borgnjor's Vile Clutch   Necr/Erth      4%         N/A       97%         5

Inventory:

Hand Weapons
 q - a +2 dagger of flaming (weapon) {short}
   (You took it off an orc on level 3 of the Dungeon)
 B - a +1 dagger of holy wrath {short}
   (You took it off a kobold brigand in a sewer)
Missiles
 b - 116 stones {throwing}
 c - 2 boomerangs {throwing}
 A - 13 poisoned darts {throwing}
 C - a curare-tipped dart {=fthrowing}
Armour
 a - a +0 robe
 e - a +0 pair of boots (worn)
   (You found it on level 1 of the Dungeon)
 p - a +0 leather armour (worn)
   (You took it off an orc on level 3 of the Dungeon)
 s - a +0 kite shield
   (You found it on level 3 of the Dungeon)
Jewellery
 k - a ring of protection from fire (left hand)
   (You found it on level 2 of the Dungeon)
Wands
 w - a wand of flame (10)
   (You took it off Ijyb on level 3 of the Dungeon)
Scrolls
 f - a scroll of blinking {unknown}
 i - a scroll of magic mapping {!r}
 n - a scroll of silence {unknown}
 r - a scroll of summoning {unknown}
 t - a scroll of teleportation {unknown}
 u - a scroll of enchant weapon {unknown}
Potions
 d - a potion of lignification {!q}
 g - a potion of brilliance {unknown}
 h - 2 potions of flight
 j - a potion of degeneration {unknown}
 l - 3 potions of might
 m - 2 potions of cancellation
 o - a potion of invisibility {unknown}
 v - 3 potions of heal wounds {@q2}
 x - a potion of curing {unknown}
 z - 4 potions of haste {unknown}

Dungeon Overview and Level Annotations

Branches:
Dungeon (4/15)              Sewer (visited)
 Temple: D:4-7

Altars:
Cheibriados

Shops:
D:1

* #.#..# .....# #.####
#.##### ####### >.....##
#...c.#
..........c..###.#
.##.#.#### #.# ....# #
#.# ..#.#.# #@#
..#.#.##### ###.####
....>.....# #......####
......###.####.#<......#
.......##......#.....#.#
..##...##......#.##..#.#
.#.#...........#.##.#(.#
#...)†)).............#.#
.#.######.....##.##.##.#


You could see a centaur.


Message History

You lost 1 mp, and now have 16/19 mp.
The searing ray misses the kobold brigand.
The kobold brigand closely misses you. The kobold misses you. 😕 MP[-1]
You lost 1 mp, and now have 15/19 mp.
The searing ray hits the kobold brigand!
You finish channelling your searing ray.
The kobold brigand hits you with a +0 whip!
The kobold barely misses you. 😮 HP[-8] MP[-1]
You take 8 damage, and now have 22/36 hp.
MASSIVE DAMAGE!! (PAUSE)
You lost 1 mp, and now have 14/19 mp.
Casting: Searing Ray (safe; 1% risk of failure)
Confirm with . or Enter, or press ? or * to list all spells.
Aiming: Searing Ray (safe; 1% risk of failure)
Press: ? - help, Shift-Dir - straight line, f/p - kobold brigand
Aim: a kobold brigand, wielding a +0 whip and quivering curare-tipped darts (almost dead, 77% to hit)
The searing ray hits the kobold brigand!
You kill the kobold brigand! (Press . to maintain the ray.)
The kobold barely misses you.
Your Spellcasting skill increases to level 7! 😮 MP[-2]
You lost 2 mp, and now have 12/19 mp.
Casting: Searing Ray (safe; 1% risk of failure)
Confirm with . or Enter, or press ? or * to list all spells.
Restarting spell: Searing Ray (safe; 1% risk of failure)
Press: ? - help, Shift-Dir - straight line, f - kobold
Aim: a kobold, wielding a +0 club and quivering stones (77% to hit)
The searing ray hits the kobold. (Press . to maintain the ray.)
The kobold misses you. 😮 MP[-1]
You lost 1 mp, and now have 11/19 mp.
The searing ray hits the kobold.
You kill the kobold! 😮 MP[-1]
You lost 1 mp, and now have 10/19 mp.
You start resting. 😕 HP[+6] MP[+9]
You regained 6 hp, and now have 28/36 hp.
Your mp is fully restored (19).
C - a curare-tipped dart {=fthrowing}
There is a large open door here.
You see here a +0 whip {mace}. 😎 HP[+8]
Your hp is fully restored (36).
b - 114 stones {throwing} (gained 4)
There is a large open door here.
Things that are here:
a +0 club {mace}; a kobold corpse
y - 2 scrolls of identify {@r1} (gained 1)
Things that are here:
a +0 dagger {short}; a kobold corpse
b - 116 stones {throwing} (gained 2)
You see here a +0 dagger {short}.
l - 3 potions of might (gained 1)
m - 2 bubbling ruby potions (gained 1)
z - 4 amethyst potions (gained 1) Done exploring.
Done exploring.
As you read the scroll of identify {@r1}, it crumbles to dust.
v - 3 potions of heal wounds
As you read the scroll of identify {@r1}, it crumbles to dust.
m - 2 potions of cancellation
Okay, then.
There is a gate leading back out of this place here.
Welcome back to the Dungeon!
There is a collapsed entrance here.
You enter the shallow water.
Moving in this stuff is going to be slow.
Found a snail-covered altar of Cheibriados.
You now have 114 gold pieces (gained 13).
Found a stone staircase leading up.
You see here 21 arrows.
You see here 21 arrows.
There is a stone staircase leading up here.
A centaur comes into view.
The centaur shouts!
The centaur wields a +0 shortbow.
The centaur shoots an arrow.
The arrow hits you! 😮 HP[-12]
You take 12 damage, and now have 24/36 hp.
MASSIVE DAMAGE!! (PAUSE)
Aiming: Magic Dart (safe; 1% risk of failure)
Press: ? - help, Q - select action, (/) - cycle Shift-Dir - straight line, f - centaur
Aim: a centaur, wielding a +0 shortbow and quivering arrows (100% to hit)
The magic dart hits the centaur.
The centaur shoots an arrow.
The arrow hits you.
* * * LOW HITPOINT WARNING * * *
The centaur shoots an arrow.
The arrow hits you!
* * * LOW HITPOINT WARNING * * *
😱 HP[-15] MP[-1]
You take 15 damage, and now have 9/36 hp.
MASSIVE DAMAGE!! (PAUSE)
You lost 1 mp, and now have 18/19 mp. 😨 HP[+1]
The centaur shoots an arrow.
The arrow hits you!
You die...

Skill      XL: |  1  2  3  4  5  6  7 |
---------------+----------------------+-----
Conjurations   | 5 6 7 |  7.1
Spellcasting   | 4 6 7 |  7.1
Stealth        | 3 |  3.4
Armour         | 1 |  1.6
Dodging        | |  2.5

Action                   |  1- 3 |  4- 6 |  7- 9 || total
-------------------------+-------+-------+-------++-------
Melee: Dagger            |       |     4 |       ||     4
 Cast: Magic Dart        |    44 |    93 |     1 ||   138
       Searing Ray       |    17 |    43 |     4 ||    64
  Use: Scroll            |       |     4 |     2 ||     6
Armor: Robe              |     3 |       |       ||     3
       Leather armour    |       |     3 |     1 ||     4
Dodge: Dodged            |     8 |    10 |     7 ||    25

Levels and vault maps discovered:
D:1:      zaba_arrival_water, layout_loops_ring, serial_shops,
          nicolae_shop_stone, shapermc_ecumenical_altar_pompeii, minmay_3d_cube
D:2:      layout_loops_ring, minmay_pentomino_v4
D:3:      layout_loops_cross, minmay_misc_feat_encased, uniq_ijyb
D:4:      kennysheep_spiral_hall, layout_loops_cross, lemuel_crystal_altar,
          portal_sewer_entry_f, minmay_tree_intersection,
          kennysheep_small_spiral

Notes
Turn   | Place    | Note
-------+----------+-------------------------------------------
     0 | D:1      | mortz the Deep Elf Conjurer began the quest for the Orb.
     0 | D:1      | Reached XP level 1. HP: 10/10 MP: 6/6
     0 | D:1      | magus.rc [v1.9.6]
   127 | D:1      | Reached XP level 2. HP: 15/15 MP: 4/8
   132 | D:1      | Learned a level 2 spell: Searing Ray
   517 | D:1      | Reached skill level 5 in Conjurations
   781 | D:1      | Found Araklaqo's Assorted Antiques.
   786 | D:1      | Bought a smoky coppery potion for 23 gold pieces
   786 | D:1      | Bought a scroll labelled ASOKLODICA for 26 gold pieces
   787 | D:1      | Reached XP level 3. HP: 19/19 MP: 8/10
  1056 | D:1      | Found a faded altar of an unknown god.
  1568 | D:2      | Reached XP level 4. HP: 24/24 MP: 6/11
  1588 | D:2      | Reached skill level 4 in Spellcasting
  2154 | D:2      | Reached skill level 3 in Stealth
  2659 | D:3      | Reached skill level 6 in Conjurations
  2684 | D:3      | Reached XP level 5. HP: 28/28 MP: 4/14
  3126 | D:3      | Noticed an ogre
  3135 | D:3      | magus.rc [v1.9.6]
  3139 | D:3      | Killed an ogre
  3140 | D:3      | Reached skill level 5 in Spellcasting
  3331 | D:3      | Noticed Ijyb
  3336 | D:3      | Killed Ijyb
  3337 | D:3      | Reached skill level 6 in Spellcasting
  3337 | D:3      | Reached XP level 6. HP: 32/32 MP: 11/17
  3429 | D:3      | You add the spells Animate Skeleton, Poisonous Vapours,
                  | Freezing Cloud and Borgnjor's Vile Clutch to your library.
  3429 | D:3      | Got Sif Muna's Compendium of the Birds and Black Secrets
  3430 | D:3      | magus.rc [v1.9.6]
  4113 | D:4      | Found a glowing drain.
  4128 | Sewer    | Entered a sewer
  4448 | Sewer    | Reached skill level 1 in Armour
  4732 | Sewer    | Reached skill level 7 in Conjurations
  4732 | Sewer    | Reached XP level 7. HP: 15/36 MP: 11/19
  4734 | Sewer    | HP: 8/36 [poisoned by a kobold brigand]
  4739 | Sewer    | HP: 4/36 [poisoned by a kobold brigand]
  5052 | Sewer    | Reached skill level 7 in Spellcasting
  5201 | D:4      | Found a snail-covered altar of Cheibriados.
  5230 | D:4      | HP: 9/36 [centaur/arrow (9)]
  5234 | D:4      | Shot with an arrow by a centaur

Vanquished Creatures
  An ogre (D:3)
  3 kobold brigands (Sewer)
  An orc priest (D:3)
  An iguana (D:4)
  Ijyb (D:3)
  A howler monkey skeleton (D:4)
  7 adders
  An adder skeleton (D:4)
  3 worms
  2 dart slugs
  15 orcs
  6 endoplasms
  7 giant cockroaches
  7 goblins
  14 hobgoblins
  9 jackals (D:2)
  17 kobolds
  3 quokkas
  2 ball pythons
  11 bats
  8 frilled lizards
  13 rats
133 creatures vanquished.

Vanquished Creatures (others)
  2 plants (Sewer)
2 creatures vanquished.

Grand Total: 135 creatures vanquished

Table legend:
 A = Non-vault XP
 B = Vault XP
 C = Vault XP percentage of total XP
 D = Non-vault monster count
 E = Vault monster count
 F = Vault count percentage of total count
                 A         B        C        D         E       F
            +---------+---------+-------+---------+---------+-------
      Total |     436 |     441 |  50.3 |      96 |      37 |  27.8
            +---------+---------+-------+---------+---------+-------
        D:1 |      44 |       2 |   4.3 |      27 |       1 |   3.6
        D:2 |      92 |       4 |   4.2 |      30 |       2 |   6.2
        D:3 |     242 |      36 |  12.9 |      26 |       1 |   3.7
        D:4 |      58 |      68 |  54.0 |      13 |      10 |  43.5
      Sewer |       0 |     331 | 100.0 |       0 |      23 | 100.0
            +---------+---------+-------+---------+---------+-------

Illustrated notes

Table legend:
 A = Kills in this place as a percentage of kills in entire the game.
 B = Kills by you in this place as a percentage of kills by you in the entire game.
 C = Kills by friends in this place as a percentage of kills by friends in the entire game.
 D = Other kills in this place as a percentage of other kills in the entire game.
 E = Experience gained in this place as a percentage of experience gained in the entire game.
 F = Experience gained in this place divided by the number of levels of this place that you have seen.
                   A       B       C       D       E      F
               +-------+-------+-------+-------+-------+----------------------
         Total | 100.0 | 100.0 |   N/A |   N/A | 100.0 | 175.4
       Dungeon |  82.7 |  82.7 |   N/A |   N/A |  62.3 | 136.5
         Sewer |  17.3 |  17.3 |   N/A |   N/A |  37.7 | 331.0
               +-------+-------+-------+-------+-------+----------------------

Table legend: (Time is in decaauts)
 A = Elapsed time spent in this place.
 B = Non-inter-level travel time spent in this place.
 C = Inter-level travel time spent in this place.
 D = Time resting spent in this place.
 E = Time spent auto-exploring this place.
 F = Levels seen in this place.
 G = Mean time per level.
                   A        B        C        D        E       F      G
               +--------+--------+--------+--------+--------+-----+--------+
         Total |   5284 |   5177 |    107 |   1185 |   3058 |   5 | 1056.8 |
       Dungeon |   4182 |   4075 |    107 |    448 |   2902 |   4 | 1045.5 |
         Sewer |   1102 |   1102 |      0 |    737 |    156 |   1 | 1102.0 |
               +--------+--------+--------+--------+--------+-----+--------+

Top non-repeatable levels by time:
     D:2: 1278 daAuts
     D:3: 1268 daAuts
   Sewer: 1102 daAuts
     D:1: 1097 daAuts
     D:4: 538 daAuts
